 Dungeon Crawl Stone Soup version 0.30-b1-2-g02819fbbbe (webtiles) character file.

Game seed: 8941391990658114981

3426 Anothat the Blocker (level 10, -4/79 HPs)
             Began as a Formicid Fighter on May 9, 2023.
             Was a Follower of Yredelemnul.
             Killed from afar by an electric eel (16 damage)
             ... with a bolt of electricity
             ... on level 8 of the Dungeon.
             The game lasted 00:13:34 (8512 turns).

Anothat the Blocker (Formicid Fighter)              Turns: 8512, Time: 00:13:35

Health: -4/79      AC:  9    Str: 26    XL:     10   Next: 25%
Magic:  10/10      EV: 19    Int:  7    God:    Yredelemnul [*.....]
Gold:   420        SH: 12    Dex: 13    Spells: 9/9 levels left

rFire   . . .        a - +1 war axe
rCold   . . .        c - +1 buckler
rNeg    . . .        b - +0 scale mail
rPois   .            (helmet unavailable)
rElec   .            (no cloak)
rCorr   .            I - +0 pair of gloves
SInv    +            (no boots)
Will    +....        s - amulet of reflection Stlth
                     B - +5 ring of evasion
HPRegen 0.33/turn    p - +5 ring of evasion
MPRegen 0.12/turn

%: reflection
@: studying Polearms
A: permanent stasis, dig shafts and tunnels, antennae 3, four strong arms
a: Dig, Shaft Self, Renounce Religion, Recall Undead Harvest


You were on level 8 of the Dungeon.
You worshipped Yredelemnul.
Yredelemnul was noncommittal.
You visited 2 branches of the dungeon, and saw 9 of its levels.

You collected 420 gold pieces.

Inventory:

Hand Weapons
 a - a +1 war axe (weapon)
Missiles
 m - a throwing net
Armour
 b - a +0 scale mail (worn)
 c - a +1 buckler (worn)
 I - a +0 pair of gloves (worn)
Jewellery
 e - a ring of positive energy
 n - an amulet of faith
 p - a +5 ring of evasion (right hand)
 s - an amulet of reflection (around neck)
 y - a +5 ring of evasion
 B - a +5 ring of evasion (left hand)
 G - an amulet of reflection
Wands
 d - a wand of mindburst (5)
 f - a wand of flame (10)
 J - a wand of iceblast (8)
Scrolls
 h - 6 scrolls of identify
 i - 2 scrolls of fear
 j - 3 scrolls of magic mapping
 o - 2 scrolls of immolation
 r - 2 scrolls of fog
 t - 2 scrolls of amnesia
 u - 2 scrolls of poison
 x - a scroll of torment
 F - a scroll of blinking {unknown}
Potions
 g - 2 potions of mutation
 l - 2 potions of attraction
 q - a potion of experience {unknown}
 v - 2 potions of heal wounds {unknown}
 w - 2 potions of magic {unknown}
 z - a potion of cancellation {unknown}
 A - 4 potions of degeneration
 C - a potion of haste {unknown}
 D - a potion of flight {unknown}
 E - 2 potions of lignification {unknown}
 H - 2 potions of brilliance {unknown}


   Skills:
 + Level 7.5 Fighting
 * Level 9.1 Axes
 + Level 7.6 Armour
 + Level 9.1 Shields


You had 9 spell levels left.
You didn't know any spells.
Your spell library contained the following spells:

 Spells                   Type           Power      Damage    Failure   Level
 Sting                    Tmut/Pois      0%         1d3       73%         1
 Poisonous Vapours        Pois/Air       0%         N/A       86%         2
 Tukima's Dance           Hex            0%         N/A       97%         3
 Olgreb's Toxic Radiance  Pois           0%         N/A       100%        4
 Passage of Golubria      Tloc           0%         N/A       100%        4
 Yara's Violent Unravell  Hex/Tmut       0%         3d3       100%        5


Dungeon Overview and Level Annotations

Branches:
Dungeon (8/15)             Temple (1/1) D:5            Lair (0/5) D:8

Altars:
Ashenzari
Cheibriados
Dithmenos
Elyvilon
Fedhas
Hepliaklqana
Kikubaaqudgha
Makhleb
Nemelex Xobeh
Okawaru
Qazlal
Sif Muna
Vehumet
Wu Jian
Yredelemnul
Zin

Shops:
D:1 [*:


Innate Abilities, Weirdness & Mutations

You cannot be hasted, slowed, berserked, paralysed or teleported.
You can dig through walls and to a lower floor.
You have a pair of large antennae on your head. (SInv)
Your four strong arms can wield two-handed weapons with a shield.


Message History

Your sky beast zombie is destroyed!
The electric eel shoots out a bolt of lightning at you!
The bolt of electricity hits you!
Your yak zombie gores the electric eel!
The electric eel shoots out a bolt of lightning at you!
The bolt of electricity hits you!
* * * LOW HITPOINT WARNING * * *
Your yak zombie barely misses the electric eel.
You start resting.
HP restored.
You swap places.
The electric eel shoots out a bolt of lightning at you!
The bolt of electricity hits you!
The electric eel shoots out a bolt of lightning at you!
The bolt of electricity hits you!
The electric eel shoots out a bolt of lightning at you!
The bolt of electricity hits you!
The electric eel shoots out a bolt of lightning at you!
The bolt of electricity hits you!
The electric eel shoots out a bolt of lightning at you!
The bolt of electricity misses you.
The electric eel shoots out a bolt of lightning at you!
The bolt of electricity hits you.
You closely miss the electric eel.
The electric eel is heavily wounded.
The electric eel shoots out a bolt of lightning at you!
The bolt of electricity hits you!
You slice the electric eel!!
You kill the electric eel!
A black mist starts to gather...
The electric eel shoots out a bolt of lightning at you!
The bolt of electricity hits you!
* * * LOW HITPOINT WARNING * * *
The electric eel shoots out a bolt of lightning at you!
The bolt of electricity hits you.
* * * LOW HITPOINT WARNING * * *
The electric eel shoots out a bolt of lightning at you!
The bolt of electricity hits you!
You die...
Your body rises from the dead as a mindless zombie.

#.....).......###.#.#####
####.##....)).............#
..^......####...........###
####.###.####.#.#...###.#
~≈≈≈~≈~.............# #.#
.≈≈{≈≈≈~..~...~.....# #.#
.≈≈≈≈≈≈≈≈~..~.~Z.#### #.#
≈S≈{≈≈≈≈≈S.~.~...# #.#
≈≈~≈~≈≈≈≈.~~~~@..# #.#
≈≈.~~.~≈~~≈≈≈≈~..# #.#
S≈~....~.~~Z≈~~..# ####.#
≈≈..>............###....#
~~~~~~~~......#####
.~≈≈S.....##......#
≈≈≈≈≈~~~..##..###.#
≈≈≈~~~≈~~.......#
.~~..~~.........###.#


You could see 2 electric eels, a friendly spectral electric eel and a friendly
yak zombie.

Vanquished Creatures
  A troll (D:8)
  6 yaks (D:8)
  A water moccasin (D:5)
  A sky beast (D:6)
  3 wolves (D:8)
  A kobold brigand (D:8)
  A bullfrog (D:5)
  A scorpion (D:5)
  3 killer bees (D:7)
  3 howler monkeys
  An electric eel (D:8)
  2 jellies
  7 hounds
  A gnoll bouda (D:8)
  3 iguanas
  3 orc priests
  An iron imp (D:4)
  4 orc wizards
  3 sleepcaps
  3 gnolls (D:8)
  5 adders
  A shadow imp (D:5)
  A white imp (D:6)
  An ufetubus (D:5)
  A worm (D:4)
  2 dart slugs
  18 orcs
  7 endoplasms
  6 giant cockroaches
  3 goblins
  2 hobgoblins
  12 jackals
  4 quokkas
  6 ball pythons
  3 bats (D:2)
  4 frilled lizards
  11 kobolds
  7 rats
143 creatures vanquished.

Vanquished Creatures (collateral kills)
  A sky beast (D:8)
  A kobold brigand (D:8)
  2 killer bees (D:7)
  2 electric eels (D:8)
  An orc priest (D:7)
  A gnoll (D:8)
  2 orcs
  2 kobolds (D:8)
12 creatures vanquished.

Vanquished Creatures (others)
  Maurice (D:8)
  A spectral troll (D:8)
  A yak zombie (D:8)
  4 kobold zombies (D:8)
  A sky beast zombie (D:8)
  2 hound zombies (D:8)
  3 gnoll zombies (D:8)
  5 orc zombies (D:8)
  A plant (D:5)
19 creatures vanquished.

Grand Total: 174 creatures vanquished

Notes
Turn   | Place    | Note
-------+----------+-------------------------------------------
     0 | D:1      | Anothat the Formicid Fighter began the quest for the Orb.
     0 | D:1      | Reached XP level 1. HP: 18/18 MP: 1/1
   180 | D:1      | Found Loal Exiz's Jewellery Emporium.
   214 | D:1      | Reached XP level 2. HP: 24/24 MP: 2/2
   345 | D:1      | Reached XP level 3. HP: 23/29 MP: 3/3
   428 | D:1      | Found Laneac's Book Shop.
   686 | D:1      | Found Jodity's Antique Armour Emporium.
   764 | D:1      | Found Ryuck's Assorted Antiques.
  1937 | D:3      | Reached XP level 4. HP: 27/37 MP: 4/4
  2238 | D:3      | Found a faded altar of an unknown god.
  2774 | D:4      | Reached XP level 5. HP: 42/42 MP: 5/5
  3107 | D:4      | Reached skill level 5 in Shields
  3132 | D:4      | Found a snail-covered altar of Cheibriados.
  3193 | D:4      | Reached XP level 6. HP: 48/48 MP: 6/6
  4075 | D:5      | Entered Level 5 of the Dungeon
  4091 | D:5      | Found a staircase to the Ecumenical Temple.
  4180 | Temple   | Entered the Ecumenical Temple
  4520 | D:5      | Found a blossoming altar of Fedhas.
  4544 | D:5      | Reached XP level 7. HP: 54/55 MP: 7/7
  4842 | D:5      | Reached skill level 5 in Axes
  5171 | D:6      | Noticed a water moccasin
  5180 | D:5      | Reached skill level 5 in Fighting
  5180 | D:5      | Reached skill level 5 in Armour
  5190 | D:5      | Killed a water moccasin
  5191 | D:5      | Reached XP level 8. HP: 60/62 MP: 8/8
  5311 | D:6      | Found a shadowy altar of Dithmenos.
  5365 | D:6      | Found an iron altar of Okawaru.
  5379 | D:6      | Found a basalt altar of Yredelemnul.
  5628 | D:6      | Found an ancient bone altar of Kikubaaqudgha.
  5630 | D:6      | Found a radiant altar of Vehumet.
  5707 | D:6      | Found a glowing silver altar of Zin.
  5980 | D:6      | Became a worshipper of Yredelemnul the Dark
  6081 | D:7      | Reached * piety under Yredelemnul
  6354 | D:7      | Identified the +5 rapier of Pipafean {antimagic, Dex+3
                  | Stlth+}
  7251 | D:8      | Noticed a yak
  7251 | D:8      | Noticed a yak
  7252 | D:8      | Noticed a yak
  7262 | D:8      | Reached XP level 9. HP: 68/69 MP: 9/9
  7364 | D:8      | Reached ** piety under Yredelemnul
  7429 | D:8      | Reached *** piety under Yredelemnul
  7431 | D:8      | Noticed Maurice
  7460 | D:8      | Killed Maurice
  7461 | D:8      | Noticed a troll
  7484 | D:8      | Killed a troll
  7605 | D:8      | Reached XP level 10. HP: 52/79 MP: 10/10
  7863 | D:8      | Found a staircase to the Lair.
  7870 | D:8      | HP: 3/79 [electric eel/bolt of electricity (5)]
  8512 | D:8      | Killed from afar by an electric eel

Illustrated notes

Levels and vault maps discovered:
D:1:      wander_arrival_estate, layout_loops_corners, serial_shops, shop, shop,
          shop, nicolae_shop_advertising_works [nicolae_subvault_shop_adworks]
D:2:      layout_basic
D:3:      layout_basic, ebering_ecumenical_altar_hall, serial_rivers,
          chequers_serial_rivers_room_b, chequers_serial_rivers_micro_e,
          chequers_serial_rivers_micro_a, chequers_serial_rivers_room_a
D:4:      layout_basic, slow_altar_1
D:5:      layout_loops_ring, fedhas_ov_isle_minmay, minmay_temple_entry_junction
D:6:      layout_cave_pools, lemuel_doored_altar,
          nicolae_overflow_hidden_temple, mainiacjoe_overflow_tiny_flanked,
          mainiacjoe_overflow_24_doors, mainiacjoe_overflow_chevrons,
          minmay_between
D:7:      layout_cave_pods
D:8:      layout_loops_ring, erik_lair_island, hangedman_glass_teeth,
          uniq_maurice
Temple:   hellmonk_temple_beads

Skill      XL: |  1  2  3  4  5  6  7  8  9 10 |
---------------+-------------------------------+-----
Axes           | 3 4 5 6 8 9 |  9.1
Armour         | 4 5 6 7 |  7.6
Fighting       | 4 5 6 7 |  7.5
Shields        | 5 6 7 8 9 |  9.1

Action                     |  1- 3 |  4- 6 |  7- 9 | 10-12 || total
---------------------------+-------+-------+-------+-------++-------
  Melee: War axe           |    96 |   132 |   263 |    64 ||   555
  Evoke: Wand              |       |       |     2 |       ||     2
    Use: Scroll            |       |    13 |     4 |       ||    17
         Potion            |       |     1 |     5 |     1 ||     7
   Stab: Confused          |       |       |     1 |       ||     1
         Fleeing           |       |       |     1 |       ||     1
 Armour: Scale mail        |    37 |    22 |    42 |     4 ||   105
  Dodge: Dodged            |    51 |    99 |   246 |    43 ||   439
  Block: Buckler           |    28 |    41 |   126 |    27 ||   222
         Reflection        |       |       |       |     1 ||     1
